 Dungeon Crawl Stone Soup version 0.31-a0-1206-g41278d8d1d (webtiles) character file.

Game seed: 16705960235339235946

2572 LeprechaunX the Changeling (level 9, -2/60 HPs)
             Began as an Octopode Shapeshifter on Dec 13, 2023.
             Was an Initiate of Ashenzari.
             Slain by a wraith (7 damage)
             ... on level 8 of the Dungeon.
             The game lasted 00:15:12 (6650 turns).

LeprechaunX the Changeling (Octopode Shapeshifter)  Turns: 6650, Time: 00:15:13

Health: -2/60      AC:  1    Str: 21    XL:     9   Next: 57%
Magic:  0/15       EV: 13    Int: 12    God:    Ashenzari [......]
Gold:   472        SH:  0    Dex: 14    Spells: 14/16 levels left

rFire   + .          .
                       - Unarmed
rCold   . . .        (no shield)
rNeg    . . .        (helmet currently unavailable)
rPois   .            l - amulet of guardian spirit
rElec   .            p - +6 ring of strength
rCorr   +            t - ring of protection from fire
SInv    +            d - ring of wizardry
Will    .....        v - ring of resist corrosion
Stlth   ++           r - ring of see invisible
HPRegen 0.30/turn    (no ring)
MPRegen 0.14/turn    (no ring)
                     (no ring)

%: guardian spirit, wizardry (x1)
@: beast-form, slowed, studying Unarmed Combat, very slow
A: beast (slay +4), almost no armour, amphibious, 8 rings, camouflage 1,
gelatinous body 1, (nimble swimmer 1), tentacles
a: Begin Untransformation, Renounce Religion, Curse Item


You were on level 8 of the Dungeon.
You worshipped Ashenzari.
Ashenzari was noncommittal.
You were a hulking beast.
You visited 2 branches of the dungeon, and saw 9 of its levels.

You collected 472 gold pieces.

Inventory:

Hand Weapons
 a - a +0 sling
Missiles
 m - 2 throwing nets
 u - 5 curare-tipped darts
 x - 5 javelins
 I - 2 boomerangs
Armour
 M - a +0 kite shield
Jewellery
 d - a ring of wizardry (on tentacle)
 l - an amulet of guardian spirit (around mantle)
 p - a +6 ring of strength (left tentacle)
 r - a ring of see invisible (on tentacle)
 t - a ring of protection from fire (right tentacle)
 v - a ring of resist corrosion (on tentacle)
Talismans
 b - a beast talisman
 c - a flux talisman
 E - a maw talisman
Wands
 s - a wand of iceblast (2) (quivered)
 C - a wand of polymorph (9)
 F - a wand of acid (8)
 H - a wand of flame (24)
Scrolls
 f - 3 scrolls of poison
 g - 9 scrolls of teleportation
 h - a scroll of immolation {unknown}
 j - 4 scrolls of revelation
 k - 2 scrolls of blinking {unknown}
 n - 2 scrolls of enchant weapon
 w - 2 scrolls of noise {unknown}
 y - a scroll of enchant armour {unknown}
 G - a scroll of silence {unknown}
 K - 2 scrolls of torment {unknown}
Potions
 e - 3 potions of curing
 i - 2 potions of might
 o - a potion of enlightenment {unknown}
 q - a potion of heal wounds
 z - 2 potions of mutation {unknown}
 A - 3 potions of attraction {unknown}
 B - a potion of brilliance {unknown}
 D - 2 potions of invisibility {unknown}
 J - a potion of lignification
 L - a potion of haste


   Skills:
 + Level 4.8 Fighting
 - Level 3.0 Throwing
 - Level 2.0 Dodging
 + Level 6.1 Unarmed Combat
 + Level 4.0 Spellcasting
 + Level 3.9 Conjurations
 + Level 4.6 Evocations
 * Level 7.0 Shapeshifting


You had 14 spell levels left.
You knew the following spells:

 Your Spells              Type           Power      Damage    Failure   Level
a - Searing Ray           Conj           22%        2d5       2%          2

Your spell library contained the following spells:

 Spells                   Type           Power      Damage    Failure   Level
 Magic Dart               Conj           44%        1d5       1%          1
 Kiss of Death            Conj/Necr      28%        2d7       4%          1
 Slow                     Hex            8%         N/A       9%          1
 Scorch                   Fire           4%         2d5       13%         2
 Wereblood                Tmut           2%         N/A       13%         2
 Confusing Touch          Hex            2%         N/A       26%         3
 Sigil of Binding         Hex            2%         N/A       26%         3
 Vampiric Draining        Necr           2%         2d6       26%         3
 Flame Wave               Conj/Fire      7%         2d5       36%         4
 Fulminant Prism          Conj/Hex       3%         3d5       36%         4
 Dispel Undead            Necr           2%         3d7       61%         4
 Leda's Liquefaction      Hex/Erth       1%         N/A       61%         4
 Irradiate                Conj/Tmut      3%         3d12      69%         5
 Lee's Rapid Deconstruct  Erth           1%         3d4*      91%         5
 Bombard                  Conj/Erth      3%         9d1       99%         6
 Summon Cactus Giant      Summ           1%         N/A       100%        6


Dungeon Overview and Level Annotations

Branches:
Dungeon (8/15)             Temple (1/1) D:6
   Lair: D:8-11

Altars:
Ashenzari
Cheibriados
Dithmenos
Elyvilon
Gozag
Hepliaklqana
Okawaru
Qazlal
Ru
Sif Muna
Trog
Vehumet
Wu Jian
Zin
The Shining One

Annotations:
D:5 2 transporters, BigPumpCobain's ghost, novice TrFi


Innate Abilities, Weirdness & Mutations

You are a hulking beast.
Your limbs bulge with bestial killing power. (Slay +4)
You cannot wear most types of armour.
You are amphibious.
You can wear up to eight rings at the same time.
Your skin changes colour to match your surroundings (Stealth+).
Your rubbery body absorbs attacks. (AC +1, EV +1)
((You are camouflaged when in or above water. (Stealth+)))
You have tentacles for arms and can constrict up to eight enemies at once.


Message History

The wraith completely misses you.
You feel yourself speed up. The wraith hits you! The wraith drains your vigour!
You feel yourself slow down.
There is a stone staircase leading up here.
You tentacle-slap the wraith.
The wraith is lightly damaged.
The howler monkey hits you. The wraith hits you! The wraith drains your vigour!
You feel as though you will be slow longer.
The howler monkey hoots and howls with incredible vigour!
You hear a shout!
You bludgeon the howler monkey! You grab the howler monkey.
The howler monkey is moderately wounded.
You constrict the howler monkey. The wraith hits you!
The wraith drains your vigour!
You feel as though you will be slow longer.
The howler monkey closely misses you.
You bludgeon the howler monkey!
You kill the howler monkey!
The wraith barely misses you. The wraith hits you!
You tentacle-slap the wraith but do no damage.
Your tentacle-slap misses the wraith.
The wraith is lightly damaged.
The wraith hits you! The wraith drains your vigour!
You feel as though you will be slow longer.
You tentacle-slap the wraith but do no damage.
You squeeze the wraith!
The wraith is heavily damaged.
The wraith hits you!
* * * LOW HITPOINT WARNING * * *
The wraith drains your vigour!
You feel as though you will be slow longer.
You closely miss the wraith. You squeeze the wraith!
The wraith is severely damaged.
The wraith hits you!
* * * LOW HITPOINT WARNING * * *
The wraith drains your vigour!
You feel as though you will be slow longer.
The wraith hits you!
You die...

##.... #.....
#.... #.... #....
#### ####
.##....##..###..##
......)..........#
##....).........#
#...)......Wh..#
.............†...#
.##....##..##...##
#.### #..######
... #... #.. #...#
.. #...#


You could see a wraith.

Vanquished Creatures
  A two-headed ogre (D:7)
  A wyvern (D:5)
  A water moccasin (D:7)
  A sky beast (D:6)
  An orc warrior (D:7)
  An ice beast (D:6)
  An ogre (D:5)
  A phantom (D:5)
  A kobold brigand (D:6)
  A gnoll sergeant (D:8)
  2 bullfrogs
  4 scorpions
  A howler monkey (D:8)
  An orc priest (D:7)
  2 hounds
  A jelly (D:5)
  2 sleepcaps
  3 iguanas
  Natasha (thrice) (D:3)
  7 orc wizards
  Robin (D:3)
  5 adders
  6 gnolls
  A white imp (D:6)
  4 ufetubi
  4 worms
  5 dart slugs
  16 orcs
  4 bats
  8 endoplasms
  3 giant cockroaches
  18 goblins
  6 hobgoblins
  17 kobolds
  8 quokkas
  4 ball pythons
  3 frilled lizards (D:3)
  2 rats
151 creatures vanquished.

Notes
Turn   | Place    | Note
-------+----------+-------------------------------------------
     0 | D:1      | LeprechaunX the Octopode Shapeshifter began the quest for
                  | the Orb.
     0 | D:1      | Reached XP level 1. HP: 13/13 MP: 1/1
   185 | D:1      | Reached XP level 2. HP: 18/18 MP: 2/2
   454 | D:1      | Reached XP level 3. HP: 23/23 MP: 3/3
   918 | D:2      | Reached XP level 4. HP: 29/29 MP: 5/5
  1019 | D:2      | Reached skill level 1 in Spellcasting
  1058 | D:2      | Found an iron altar of Okawaru.
  1366 | D:3      | Noticed Natasha
  1372 | D:3      | Killed Natasha
  1479 | D:3      | Learned a level 2 spell: Searing Ray
  1639 | D:3      | Reached XP level 5. HP: 34/34 MP: 6/6
  1647 | D:3      | Noticed Robin
  1650 | D:3      | Reached skill level 4 in Shapeshifting
  1665 | D:3      | Killed Robin
  1677 | D:3      | Reached skill level 1 in Throwing
  2041 | D:3      | Reached skill level 1 in Evocations
  2215 | D:3      | Found a shimmering blue altar of Sif Muna.
  2233 | D:3      | Noticed Natasha
  2354 | D:3      | Killed Natasha
  2550 | D:3      | Noticed Natasha
  2557 | D:3      | Killed Natasha
  2558 | D:3      | Reached XP level 6. HP: 34/41 MP: 6/8
  2882 | D:4      | You fall into a shaft and drop 1 floor!
  2882 | D:5      | Entered Level 5 of the Dungeon
  2909 | D:5      | Reached skill level 1 in Conjurations
  3048 | D:4      | Found a bloodstained altar of Trog.
  3391 | D:4      | Reached XP level 7. HP: 40/45 MP: 8/10
  3737 | D:5      | Found a transporter.
  3760 | D:5      | Identified the +7 dire flail "Quiteyxe" {drain, SInv}
  3762 | D:5      | Noticed BigPumpCobain's ghost (novice TrFi)
  3941 | D:5      | Noticed a wyvern
  3979 | D:5      | Killed a wyvern
  3980 | D:5      | Reached skill level 5 in Shapeshifting
  4202 | D:5      | Reached XP level 8. HP: 45/52 MP: 9/11
  4434 | D:5      | Found a transporter.
  4858 | D:6      | Reached skill level 5 in Unarmed Combat
  5068 | D:6      | Found a staircase to the Ecumenical Temple.
  5083 | Temple   | Entered the Ecumenical Temple
  5098 | Temple   | Became a worshipper of Ashenzari the Shackled
  5504 | D:7      | Reached skill level 6 in Shapeshifting
  5989 | D:7      | Reached XP level 9. HP: 53/58 MP: 11/13
  6228 | D:7      | Found a radiant altar of Vehumet.
  6244 | D:7      | Noticed a two-headed ogre
  6280 | D:7      | Killed a two-headed ogre
  6473 | D:7      | Found a stormy altar of Qazlal.
  6631 | D:8      | Reached skill level 7 in Shapeshifting
  6650 | D:8      | Slain by a wraith

Illustrated notes

Levels and vault maps discovered:
D:1:      dpeg_arrival_central, layout_rooms
D:2:      layout_basic, basic_altar, kennysheep_generic_room_13
D:3:      minmay_door_path, layout_rooms, led_sif_pool, minmay_unequal,
          uniq_robin, uniq_natasha
D:4:      layout_cave_pods, kennysheep_little_box
D:5:      layout_rooms, gammafunk_ghost_smash, minmay_misc_feat_iff,
          minmay_manual_maat
D:6:      layout_rooms, minmay_temple_entry_mist, corexii_shack
D:7:      layout_basic, mainiacjoe_overflow_alcove_2,
          mainiacjoe_overflow_surrounded_room
D:8:      layout_gridville, mainiacjoe_overflow_two_lobes,
          nicolae_kikubaaqudgha_miasma_corner, lair_entry_dummy,
          nicolae_ossuary_entry_ruins, uniq_gastronok
Temple:   bh_familiar_temple

Skill      XL: |  1  2  3  4  5  6  7  8  9 |
---------------+----------------------------+-----
Spellcasting   | 1 2 3 4 |  4.0
Fighting       | 2 3 4 |  4.8
Shapeshifting  | 4 5 6 7 |  7.0
Throwing       | 1 2 3 |  3.0
Evocations     | 1 2 3 4 |  4.6
Conjurations   | 1 2 3 |  3.9
Unarmed Combat | 4 5 6 |  6.1
Dodging        | |  2.0

Action                     |  1- 3 |  4- 6 |  7- 9 || total
---------------------------+-------+-------+-------++-------
  Melee: Unarmed           |    54 |   139 |   142 ||   335
         Constrict         |    15 |    34 |    31 ||    80
         Tentacles         |    14 |    28 |    30 ||    72
         Punch             |     1 |     7 |    10 ||    18
  Throw: Javelin           |       |       |     9 ||     9
         Boomerang         |       |       |     1 ||     1
   Cast: Searing Ray       |       |       |     3 ||     3
  Evoke: Wand              |       |       |     4 ||     4
    Use: Potion            |     3 |       |     1 ||     4
         Scroll            |       |     5 |     1 ||     6
   Stab: Sleeping          |     3 |     9 |     2 ||    14
 Armour: Skin              |    14 |    58 |   105 ||   177
  Dodge: Dodged            |    25 |    49 |    77 ||   151

Table legend: (Time is in decaauts)
 A = Elapsed time spent in this place.
 B = Non-inter-level travel time spent in this place.
 C = Inter-level travel time spent in this place.
 D = Time resting spent in this place.
 E = Time spent auto-exploring this place.
 F = Levels seen in this place.
 G = Mean time per level.
                   A        B        C        D        E       F      G
               +--------+--------+--------+--------+--------+-----+--------+
         Total |   6568 |   6150 |    418 |    736 |   4311 |   9 |  729.8 |
       Dungeon |   6538 |   6147 |    391 |    736 |   4311 |   8 |  817.2 |
        Temple |     29 |      2 |     27 |      0 |      0 |   1 |   29.0 |
               +--------+--------+--------+--------+--------+-----+--------+

Top non-repeatable levels by time:
     D:3: 1226 daAuts
     D:7: 1081 daAuts
     D:4: 1041 daAuts
     D:6: 1011 daAuts
     D:5: 826 daAuts
     D:2: 708 daAuts
     D:1: 610 daAuts
     D:8: 32 daAuts
  Temple: 29 daAuts
